Workbook

Sheet Pivot 1
A1: decile(Est. Annual Revenue Growth - 2 Yr % - Capital IQ [Latest]) | B1: count | C1: sum(Market Capitalization [My Setting] [02/14/2020] ($USDmm, Historical rate)) | D1: sum(Market Capitalization [My Setting] [02/21/2020] ($USDmm, Historical rate)) | E1: sum(Market Capitalization [My Setting] [02/28/2020] ($USDmm, Historical rate)) | F1: sum(Market Capitalization [My Setting] [03/06/2020] ($USDmm, Historical rate)) | G1: sum(Market Capitalization [My Setting] [03/13/2020] ($USDmm, Historical rate)) | H1: sum(Market Capitalization [My Setting] [03/20/2020] ($USDmm, Historical rate)) | I1: sum(Market Capitalization [My Setting] [03/27/2020] ($USDmm, Historical rate)) | J1: sum(Market Capitalization [My Setting] [04/03/2020] ($USDmm, Historical rate)) | K1: sum(Market Capitalization [My Setting] [04/10/2020] ($USDmm, Historical rate)) | L1: sum(Market Capitalization [My Setting] [04/17/2020] ($USDmm, Historical rate)) | M1: sum(Market Capitalization [My Setting] [04/24/2020] ($USDmm, Historical rate)) | N1: sum(Market Capitalization [My Setting] [05/01/2020] ($USDmm, Historical rate)) | O1: sum(Market Capitalization [My Setting] [05/08/2020] ($USDmm, Historical rate)) | P1: sum(Market Capitalization [My Setting] [05/15/2020] ($USDmm, Historical rate)) | Q1: sum(Market Capitalization [My Setting] [05/22/2020] ($USDmm, Historical rate)) | R1: sum(Market Capitalization [My Setting] [05/29/2020] ($USDmm, Historical rate)) | S1: sum(Market Capitalization [My Setting] [06/05/2020] ($USDmm, Historical rate)) | T1: sum(Market Capitalization [My Setting] [06/12/2020] ($USDmm, Historical rate)) | U1: sum(Market Capitalization [My Setting] [06/19/2020] ($USDmm, Historical rate)) | V1: sum(Market Capitalization [My Setting] [06/26/2020] ($USDmm, Historical rate)) | W1: sum(Market Capitalization [My Setting] [07/03/2020] ($USDmm, Historical rate)) | X1: sum(Market Capitalization [My Setting] [07/10/2020] ($USDmm, Historical rate)) | Y1: sum(Market Capitalization [My Setting] [07/17/2020] ($USDmm, Historical rate)) | Z1: sum(Market Capitalization [My Setting] [07/24/2020] ($USDmm, Historical rate)) | AA1: sum(Market Capitalization [My Setting] [07/31/2020] ($USDmm, Historical rate)) | AB1: sum(Market Capitalization [My Setting] [08/07/2020] ($USDmm, Historical rate)) | AC1: sum(Market Capitalization [My Setting] [08/14/2020] ($USDmm, Historical rate)) | AD1: sum(Market Capitalization [My Setting] [08/21/2020] ($USDmm, Historical rate)) | AE1: sum(Market Capitalization [My Setting] [08/28/2020] ($USDmm, Historical rate)) | AF1: sum(Market Capitalization [My Setting] [09/04/2020] ($USDmm, Historical rate)) | AG1: sum(Market Capitalization [My Setting] [09/11/2020] ($USDmm, Historical rate)) | AH1: sum(Market Capitalization [My Setting] [09/18/2020] ($USDmm, Historical rate)) | AI1: sum(Market Capitalization [My Setting] [09/25/2020] ($USDmm, Historical rate)) | AJ1: sum(Market Capitalization [My Setting] [10/02/2020] ($USDmm, Historical rate)) | AK1: sum(Market Capitalization [My Setting] [10/09/2020] ($USDmm, Historical rate)) | AL1: sum(Market Capitalization [My Setting] [10/16/2020] ($USDmm, Historical rate)) | AM1: sum(Market Capitalization [My Setting] [10/23/2020] ($USDmm, Historical rate)) | AN1: sum(Market Capitalization [My Setting] [10/30/2020] ($USDmm, Historical rate)) | AO1: sum(Total Revenue [LTM] ($USDmm, Historical rate)) | AP1: sum(Gross Profit [LTM] ($USDmm, Historical rate)) | AQ1: sum(EBITDA [LTM] ($USDmm, Historical rate)) | AR1: sum(EBIT [LTM] ($USDmm, Historical rate)) | AS1: sum(Net Income [LTM] ($USDmm, Historical rate)) | AT1: sum(Total Cash & ST Investments [Latest Quarter] ($USDmm, Historical rate)) | AU1: sum(Total Debt [Latest Quarter] ($USDmm, Historical rate)) | AV1: sum(Total Equity [Latest Quarter] ($USDmm, Historical rate)) | AW1: sum(Repurchase of Common Stock [LTM] ($USDmm, Historical rate)) | AX1: sum(Issuance of Common Stock [LTM] ($USDmm, Historical rate)) | AY1: sum(Total Dividends Paid [LTM] ($USDmm, Historical rate)) | AZ1: mean(Est. Annual Revenue Growth - 2 Yr % - Capital IQ [Latest]) | BA1: mean(Est. Annual EBITDA Growth - 2 Yr % - Capital IQ [Latest]) | BB1: mean(LT EPS Growth Rate - Capital IQ [Latest] (%)) | BC1: mean(Age of company) | BD1: q1(% Market Cap Change (2/14-3/20)) | BE1: median(% Market Cap Change (2/14-3/20)) | BF1: q3(% Market Cap Change (2/14-3/20)) | BG1: q1(% Market Cap Change (3/20-8/28)) | BH1: median(% Market Cap Change (3/20-8/28)) | BI1: q3(% Market Cap Change (3/20-8/28)) | BJ1: q1(% Market Cap Change (9/1-11/1)) | BK1: median(% Market Cap Change (9/1-11/1)) | BL1: q3(% Market Cap Change (9/1-11/1))
A2: Bottom decile | B2: 1358 | C2: 8033306.2 | D2: 7967877.2 | E2: 7141773.7 | F2: 6872170.2 | G2: 5547780.9 | H2: 4958887.1 | I2: 5382184.7 | J2: 5369054 | K2: 5858224.3 | L2: 5626007.3 | M2: 5541971.9 | N2: 5801075.5 | O2: 5812111.2 | P2: 5577151.3 | Q2: 5873806.6 | R2: 4269671.9 | S2: 6630026.9 | T2: 6219187.8 | U2: 6259201.8 | V2: 6017965.9 | W2: 6138205.6 | X2: 6099675.4 | Y2: 6203868.6 | Z2: 6175385.5 | AA2: 6023791.2 | AB2: 6184645.3 | AC2: 6342664.7 | AD2: 6233447.4 | AE2: 6421657.4 | AF2: 6377361.3 | AG2: 6256682 | AH2: 6340120.5 | AI2: 6049309.9 | AJ2: 6027154.3 | AK2: 6243269.1 | AL2: 6126236.4 | AM2: 6196904.8 | AN2: 5814363.1 | AO2: 5906171.6 | AP2: 1694732.3 | AQ2: 724098.6 | AR2: 184824.05 | AS2: -235951.11 | AT2: 3823109.3 | AU2: 5443487.2 | AV2: 4391597.1 | AW2: -71630.883 | AX2: 47887.164 | AY2: -218237.21 | AZ2: -15.658542 | BA2: -14.238646 | BB2: -3.0261482 | BC2: 51.261772 | BD2: -0.59434734 | BE2: -0.4542715 | BF2: -0.31828245 | BG2: 0.1337967 | BH2: 0.3758053 | BI2: 0.73655738 | BJ2: -0.20066681 | BK2: -0.098703931 | BL2: -0.002084419
A3: 2nd decile | B3: 1357 | C3: 7372478.9 | D3: 7275898.4 | E3: 6500650.2 | F3: 6356302.3 | G3: 5311388 | H3: 4733247.8 | I3: 5153719.6 | J3: 4852856.3 | K3: 5472190.4 | L3: 5392279.4 | M3: 5257694.1 | N3: 5438154 | O3: 5467248.6 | P3: 5218090.9 | Q3: 5421491.5 | R3: 5614279.6 | S3: 6259407.1 | T3: 5864836.6 | U3: 5902674.7 | V3: 5718481.4 | W3: 5809713.1 | X3: 5813883.5 | Y3: 5936542.3 | Z3: 5960891.4 | AA3: 5831018.7 | AB3: 5982867.4 | AC3: 6172947.8 | AD3: 6049673.5 | AE3: 6206060.7 | AF3: 6135994.2 | AG3: 6129483.2 | AH3: 6155893.2 | AI3: 5845565.1 | AJ3: 5957832.3 | AK3: 6178177.8 | AL3: 6103355.3 | AM3: 6197413.9 | AN3: 5850824.7 | AO3: 7617516.3 | AP3: 2266840.6 | AQ3: 819364.55 | AR3: 421093.84 | AS3: 148223.11 | AT3: 7509942 | AU3: 8522661.1 | AV3: 5963284.6 | AW3: -60303.093 | AX3: 32679.017 | AY3: -151658.81 | AZ3: -4.0913265 | BA3: -1.1579505 | BB3: 9.2849932 | BC3: 68.63966 | BD3: -0.4931899 | BE3: -0.39110734 | BF3: -0.28631358 | BG3: 0.1193605 | BH3: 0.30504718 | BI3: 0.59947954 | BJ3: -0.1309372 | BK3: -0.050317943 | BL3: 0.035440613
A4: 3rd decile | B4: 1358 | C4: 9513227.8 | D4: 9389354.7 | E4: 8419973.5 | F4: 8371564.5 | G4: 7108993.6 | H4: 6361069.4 | I4: 7030237.6 | J4: 6718122 | K4: 7435033.6 | L4: 7401137.8 | M4: 7225885.9 | N4: 7438222.1 | O4: 7479615.6 | P4: 7198613.5 | Q4: 7468316 | R4: 7804067.8 | S4: 8443210.4 | T4: 7958207.4 | U4: 8027876.3 | V4: 7833704 | W4: 7987399.5 | X4: 7989783.1 | Y4: 8195945.2 | Z4: 8192260.4 | AA4: 8019381.6 | AB4: 8205876.1 | AC4: 8417648.8 | AD4: 8288718 | AE4: 8483436.2 | AF4: 8376332.7 | AG4: 8411284.6 | AH4: 8449526.3 | AI4: 8096003.6 | AJ4: 8278989.7 | AK4: 8551016.8 | AL4: 8488869.7 | AM4: 8467096.5 | AN4: 7986898.2 | AO4: 7181843.1 | AP4: 2596842.8 | AQ4: 993636.11 | AR4: 627242.27 | AS4: 423484.22 | AT4: 10782396 | AU4: 13125268 | AV4: 6324484.2 | AW4: -102844.23 | AX4: 51486.732 | AY4: -237806.85 | AZ4: -1.0628999 | BA4: 2.426047 | BB4: 7.4387405 | BC4: 69.818394 | BD4: -0.45801115 | BE4: -0.35608729 | BF4: -0.25875947 | BG4: 0.15162004 | BH4: 0.3286451 | BI4: 0.59315589 | BJ4: -0.11444368 | BK4: -0.040066778 | BL4: 0.037943836
A5: 4th decile | B5: 1353 | C5: 10851227 | D5: 10762139 | E5: 9707492.6 | F5: 9713687.6 | G5: 8390954.3 | H5: 7463872.5 | I5: 8150880.9 | J5: 7893456.2 | K5: 8652487.3 | L5: 8664837.4 | M5: 8464170 | N5: 8654494.4 | O5: 8696783.3 | P5: 8431756.7 | Q5: 8676328.8 | R5: 8964772 | S5: 9723324.8 | T5: 9230004.5 | U5: 9338899.2 | V5: 9112827.4 | W5: 9308768.3 | X5: 9390779.9 | Y5: 9588316.4 | Z5: 9618867.4 | AA5: 9584687.7 | AB5: 9755558.4 | AC5: 9864603.4 | AD5: 9767179.4 | AE5: 9981228 | AF5: 9820065.8 | AG5: 9840978.8 | AH5: 9932335 | AI5: 9579550.9 | AJ5: 9678127.8 | AK5: 9974983.6 | AL5: 9929875.5 | AM5: 9966529.2 | AN5: 9407862.3 | AO5: 7036685.2 | AP5: 2504347.1 | AQ5: 1066876.7 | AR5: 681258.02 | AS5: 495239.24 | AT5: 7856137.6 | AU5: 9009531.2 | AV5: 6105263.7 | AW5: -134606.56 | AX5: 80380.141 | AY5: -263789.34 | AZ5: 1.1103267 | BA5: 5.6154847 | BB5: 9.8336312 | BC5: 65.131433 | BD5: -0.44125326 | BE5: -0.34039927 | BF5: -0.23099415 | BG5: 0.17589144 | BH5: 0.35565769 | BI5: 0.60248389 | BJ5: -0.11286211 | BK5: -0.040550659 | BL5: 0.033519553
A6: 5th decile | B6: 1360 | C6: 10077446 | D6: 10002825 | E6: 9053800.4 | F6: 9271288.9 | G6: 8164637.7 | H6: 7379681.2 | I6: 7927657.4 | J6: 7835355.7 | K6: 8501054.5 | L6: 8670559.9 | M6: 8533732.5 | N6: 8602464.2 | O6: 8694414 | P6: 8513739 | Q6: 8667305.4 | R6: 8829416.2 | S6: 9375083.1 | T6: 9007307.3 | U6: 9139452.5 | V6: 8959743.9 | W6: 9185652.2 | X6: 9275907.6 | Y6: 9479391.6 | Z6: 9509328.5 | AA6: 9544934.9 | AB6: 9679052.7 | AC6: 9817232.1 | AD6: 9801747.8 | AE6: 9934054.7 | AF6: 9768436.4 | AG6: 9737774.7 | AH6: 9786557.6 | AI6: 9521702.3 | AJ6: 9684332.5 | AK6: 9961620.2 | AL6: 9925497.4 | AM6: 9902975.7 | AN6: 9473060.8 | AO6: 7005313.6 | AP6: 2323383.8 | AQ6: 970302.74 | AR6: 656008.26 | AS6: 470342.19 | AT6: 3615275 | AU6: 8927886.6 | AV6: 4610808 | AW6: -75924.307 | AX6: 48016.792 | AY6: -203170.57 | AZ6: 3.2122574 | BA6: 8.3554458 | BB6: 10.559067 | BC6: 59.440217 | BD6: -0.42550747 | BE6: -0.32227441 | BF6: -0.21227271 | BG6: 0.19047619 | BH6: 0.39808886 | BI6: 0.6509189 | BJ6: -0.10497614 | BK6: -0.038715228 | BL6: 0.042743539
A7: 6th decile | B7: 1360 | C7: 8893613.5 | D7: 8809717.7 | E7: 8012739.8 | F7: 8162662 | G7: 7228209.7 | H7: 6421250 | I7: 6979487.2 | J7: 6840313 | K7: 7437158.9 | L7: 7590790.8 | M7: 7474376.6 | N7: 7587357.4 | O7: 7683679.5 | P7: 7542782.1 | Q7: 7663135.5 | R7: 7899045.1 | S7: 8334502.4 | T7: 8004875 | U7: 8160720.9 | V7: 8055163.6 | W7: 8287265.3 | X7: 8365930.8 | Y7: 8514173.2 | Z7: 8530857.9 | AA7: 8597640.2 | AB7: 8718273.9 | AC7: 8833631.9 | AD7: 8795240 | AE7: 8932328.6 | AF7: 8771813.3 | AG7: 8800075.8 | AH7: 8914721.9 | AI7: 8653778.9 | AJ7: 8790158.5 | AK7: 9064778.8 | AL7: 9064093.9 | AM7: 9074232.1 | AN7: 8636949.5 | AO7: 4775015.3 | AP7: 1786474.5 | AQ7: 673155.58 | AR7: 458444.11 | AS7: 435015.97 | AT7: 4505671.3 | AU7: 4741935.8 | AV7: 4646697.4 | AW7: -77547.173 | AX7: 117504.2 | AY7: -162733.18 | AZ7: 5.7226471 | BA7: 14.159654 | BB7: 13.239088 | BC7: 48.906687 | BD7: -0.42911358 | BE7: -0.33057917 | BF7: -0.21030043 | BG7: 0.20879121 | BH7: 0.43426935 | BI7: 0.74460128 | BJ7: -0.10696796 | BK7: -0.032403307 | BL7: 0.049460432
A8: 7th decile | B8: 1349 | C8: 8263269.2 | D8: 8144004.7 | E8: 7340882 | F8: 7503100 | G8: 6893196.3 | H8: 6019432.3 | I8: 6458990.1 | J8: 6397561.7 | K8: 6975172.6 | L8: 7261247.4 | M8: 7165956.5 | N8: 7257272.8 | O8: 7515513.4 | P8: 7405686.6 | Q8: 7539355.5 | R8: 7684898.2 | S8: 7993683.5 | T8: 7871535.4 | U8: 8096535.4 | V8: 8091069.3 | W8: 8399119.6 | X8: 8669687.4 | Y8: 8596449.1 | Z8: 8534423.2 | AA8: 8850914.9 | AB8: 9121832.4 | AC8: 9225974 | AD8: 9446519.5 | AE8: 9694771 | AF8: 9380709.9 | AG8: 9117916.6 | AH8: 9095933.7 | AI8: 9106168.2 | AJ8: 9187736.2 | AK8: 9537924.3 | AL8: 9635621.9 | AM8: 9524768.8 | AN8: 9021311.1 | AO8: 3949310.9 | AP8: 1227957.4 | AQ8: 568604.37 | AR8: 426936.17 | AS8: 336936.26 | AT8: 1953847.9 | AU8: 3114818.7 | AV8: 2606702.3 | AW8: -134307.29 | AX8: 66695.647 | AY8: -121896.21 | AZ8: 9.07553 | BA8: 17.846875 | BB8: 17.410019 | BC8: 40.53614 | BD8: -0.42145175 | BE8: -0.32119126 | BF8: -0.20202899 | BG8: 0.25714286 | BH8: 0.53720006 | BI8: 0.92330269 | BJ8: -0.11103211 | BK8: -0.039173171 | BL8: 0.062695925
A9: 8th decile | B9: 1357 | C9: 6949329.3 | D9: 6949603.3 | E9: 6339621.9 | F9: 6442246.4 | G9: 5804242.2 | H9: 5137478.1 | I9: 5494898.3 | J9: 5373273.3 | K9: 5884174.4 | L9: 6078614.8 | M9: 6063095.5 | N9: 6201438.4 | O9: 6426466.5 | P9: 6376785.2 | Q9: 6500822.9 | R9: 6650323.6 | S9: 6912998.9 | T9: 6734513.9 | U9: 6898523.3 | V9: 6813364.6 | W9: 7124691.1 | X9: 7412498.4 | Y9: 7337931.6 | Z9: 7333973.3 | AA9: 7474033.3 | AB9: 7607470 | AC9: 7624629.9 | AD9: 7733017.3 | AE9: 7972868.8 | AF9: 7784933.5 | AG9: 7622552.7 | AH9: 7684185 | AI9: 7500193.1 | AJ9: 7660437.9 | AK9: 7972478.9 | AL9: 8005937.5 | AM9: 8020172.3 | AN9: 7738243.8 | AO9: 2939060.9 | AP9: 902596.8 | AQ9: 440279.84 | AR9: 315337.2 | AS9: 227883.81 | AT9: 1261323.9 | AU9: 2037521.6 | AV9: 2291356.7 | AW9: -75470.619 | AX9: 63434.078 | AY9: -76059.795 | AZ9: 13.882093 | BA9: 25.479805 | BB9: 18.491368 | BC9: 32.736632 | BD9: -0.42333465 | BE9: -0.30373235 | BF9: -0.15499426 | BG9: 0.26564685 | BH9: 0.57488767 | BI9: 0.95744681 | BJ9: -0.11992804 | BK9: -0.02719878 | BL9: 0.066433566
A10: 9th decile | B10: 1372 | C10: 8461941 | D10: 8417966.6 | E10: 7808459.8 | F10: 7932959 | G10: 7217894.4 | H10: 6697267.3 | I10: 7085647.8 | J10: 7033721.2 | K10: 7553660.2 | L10: 8001794.2 | M10: 8042932.4 | N10: 8087794.4 | O10: 8458332 | P10: 8509316.9 | Q10: 8582697.9 | R10: 8674265 | S10: 8985178.7 | T10: 8999607.7 | U10: 9375735.4 | V10: 9361876.8 | W10: 9856147.5 | X10: 10539145 | Y10: 10209053 | Z10: 10230489 | AA10: 10668741 | AB10: 10784072 | AC10: 10660550 | AD10: 10889780 | AE10: 11446466 | AF10: 11116450 | AG10: 10765700 | AH10: 10783618 | AI10: 10655900 | AJ10: 10914585 | AK10: 11423529 | AL10: 11511439 | AM10: 11404658 | AN10: 11552523 | AO10: 2710670.6 | AP10: 990736.19 | AQ10: 482789.03 | AR10: 341387.34 | AS10: 270459.04 | AT10: 1412341.8 | AU10: 2044568.9 | AV10: 2490642.1 | AW10: -51259.742 | AX10: 103167.2 | AY10: -80642.71 | AZ10: 22.729082 | BA10: 36.377943 | BB10: 26.823314 | BC10: 29.157518 | BD10: -0.40729483 | BE10: -0.25974028 | BF10: -0.097803807 | BG10: 0.2946494 | BH10: 0.66233839 | BI10: 1.175488 | BJ10: -0.13924051 | BK10: -0.041018597 | BL10: 0.065989848
A11: Top decile | B11: 1361 | C11: 3197076.6 | D11: 3271571.7 | E11: 3001414.3 | F11: 3067098.2 | G11: 2665289.4 | H11: 2428101.8 | I11: 2660170.6 | J11: 2625973.3 | K11: 2845809.9 | L11: 3067010.5 | M11: 3114250.8 | N11: 3154133.1 | O11: 3410579 | P11: 3497112.8 | Q11: 3547808.7 | R11: 3615192.8 | S11: 3775838.4 | T11: 3805051.6 | U11: 4056161.8 | V11: 4099928.3 | W11: 4337904 | X11: 4676275.1 | Y11: 4557969 | Z11: 4536346.1 | AA11: 4780582.8 | AB11: 4914654.2 | AC11: 4882209.5 | AD11: 5082983.8 | AE11: 5230861 | AF11: 5074582.2 | AG11: 4896228.7 | AH11: 5133038.3 | AI11: 5081026.8 | AJ11: 5226455.2 | AK11: 5546297.4 | AL11: 5581533 | AM11: 5406230.5 | AN11: 5246910.3 | AO11: 715640.66 | AP11: 257621.57 | AQ11: 80753.592 | AR11: 46096.451 | AS11: 13998.689 | AT11: 535695.28 | AU11: 717789.31 | AV11: 828749.62 | AW11: -12389.273 | AX11: 96735.986 | AY11: -18277.264 | AZ11: 182.79287 | BA11: 78.283927 | BB11: 32.285023 | BC11: 20.877805 | BD11: -0.45 | BE11: -0.30263315 | BF11: -0.14771954 | BG11: 0.41011236 | BH11: 0.91044404 | BI11: 1.7371126 | BJ11: -0.17056682 | BK11: -0.0591133 | BL11: 0.087862689
A12: Global | B12: 42445 | C12: 87330562 | D12: 86729506 | E12: 78737787 | F12: 79288531 | G12: 69317781 | H12: 62247496 | I12: 67069398 | J12: 65587667 | K12: 71481321 | L12: 72671216 | M12: 71761710 | N12: 73148372 | O12: 74648024 | P12: 73236934 | Q12: 74920290 | R12: 75017275 | S12: 81766929 | T12: 78965101 | U12: 80645019 | V12: 79402343 | W12: 81922451 | X12: 83962370 | Y12: 84251466 | Z12: 84292611 | AA12: 85159879 | AB12: 86827620 | AC12: 87744240 | AD12: 87979046 | AE12: 90268604 | AF12: 88582635 | AG12: 87433469 | AH12: 88312654 | AI12: 85852689 | AJ12: 87221220 | AK12: 90427446 | AL12: 90365316 | AM12: 90146477 | AN12: 86527777 | AO12: 55523633 | AP12: 17981092 | AQ12: 7237178.9 | AR12: 4349670.5 | AS12: 2614079.8 | AT12: 46746338 | AU12: 62483313 | AV12: 45166553 | AW12: -820274.45 | AX12: 824349.67 | AY12: -1652399.7 | AZ12: 21.821155 | BA12: 13.948404 | BB12: 12.676603 | BC12: 40.710733 | BD12: -0.42291667 | BE12: -0.28814467 | BF12: -0.13412418 | BG12: 0.11600129 | BH12: 0.38548165 | BI12: 0.85214008 | BJ12: -0.13061798 | BK12: -0.032374101 | BL12: 0.062432139

Sheet Aggregate Mkt Cap
C1: Market Cap ($ Millions) | G1: $ Change in Market Cap | K1: % Change in Market Cap
A2: ='Pivot 1'!A1 -> decile(Est. Annual Revenue Growth - 2 Yr % - Capital IQ [Latest]) | B2: Number of firms | C2: 43875 | D2: 43910 | E2: 44071 | F2: 44136 | G2: 2/14 - 3/20 | H2: 3/20- 9/1 | I2: 9/1-11/1 | J2: 2/14 - 11/1 | K2: 2/14 - 3/20 | L2: 3/20- 9/1 | M2: 9/1-11/1 | N2: 2/14 - 11/1
A3: ='Pivot 1'!A2 -> Bottom decile | B3: ='Pivot 1'!B2 -> 1358 | C3: ='Pivot 1'!C2 -> 8033306.2 | D3: ='Pivot 1'!H2 -> 4958887.1 | E3: ='Pivot 1'!AE2 -> 6421657.4 | F3: ='Pivot 1'!AN2 -> 5814363.1 | G3: =D3-C3 -> -3074419.1 | H3: =E3-D3 -> 1462770.2 | I3: =F3-E3 -> -607294.24 | J3: =F3-C3 -> -2218943.1 | K3: =G3/C3 -> -0.38270906 | L3: =H3/D3 -> 0.29497954 | M3: =I3/E3 -> -0.094569705 | N3: =J3/C3 -> -0.27621792
A4: ='Pivot 1'!A3 -> 2nd decile | B4: ='Pivot 1'!B3 -> 1357 | C4: ='Pivot 1'!C3 -> 7372478.9 | D4: ='Pivot 1'!H3 -> 4733247.8 | E4: ='Pivot 1'!AE3 -> 6206060.7 | F4: ='Pivot 1'!AN3 -> 5850824.7 | G4: =D4-C4 -> -2639231.1 | H4: =E4-D4 -> 1472812.8 | I4: =F4-E4 -> -355235.97 | J4: =F4-C4 -> -1521654.2 | K4: =G4/C4 -> -0.35798422 | L4: =H4/D4 -> 0.31116326 | M4: =I4/E4 -> -0.05724017 | N4: =J4/C4 -> -0.20639655
A5: ='Pivot 1'!A4 -> 3rd decile | B5: ='Pivot 1'!B4 -> 1358 | C5: ='Pivot 1'!C4 -> 9513227.8 | D5: ='Pivot 1'!H4 -> 6361069.4 | E5: ='Pivot 1'!AE4 -> 8483436.2 | F5: ='Pivot 1'!AN4 -> 7986898.2 | G5: =D5-C5 -> -3152158.4 | H5: =E5-D5 -> 2122366.8 | I5: =F5-E5 -> -496537.98 | J5: =F5-C5 -> -1526329.6 | K5: =G5/C5 -> -0.33134479 | L5: =H5/D5 -> 0.33364938 | M5: =I5/E5 -> -0.05853029 | N5: =J5/C5 -> -0.16044287
A6: ='Pivot 1'!A5 -> 4th decile | B6: ='Pivot 1'!B5 -> 1353 | C6: ='Pivot 1'!C5 -> 10851227 | D6: ='Pivot 1'!H5 -> 7463872.5 | E6: ='Pivot 1'!AE5 -> 9981228 | F6: ='Pivot 1'!AN5 -> 9407862.3 | G6: =D6-C6 -> -3387354.2 | H6: =E6-D6 -> 2517355.5 | I6: =F6-E6 -> -573365.68 | J6: =F6-C6 -> -1443364.3 | K6: =G6/C6 -> -0.31216325 | L6: =H6/D6 -> 0.33727205 | M6: =I6/E6 -> -0.057444403 | N6: =J6/C6 -> -0.13301393
A7: ='Pivot 1'!A6 -> 5th decile | B7: ='Pivot 1'!B6 -> 1360 | C7: ='Pivot 1'!C6 -> 10077446 | D7: ='Pivot 1'!H6 -> 7379681.2 | E7: ='Pivot 1'!AE6 -> 9934054.7 | F7: ='Pivot 1'!AN6 -> 9473060.8 | G7: =D7-C7 -> -2697765 | H7: =E7-D7 -> 2554373.6 | I7: =F7-E7 -> -460993.9 | J7: =F7-C7 -> -604385.34 | K7: =G7/C7 -> -0.26770324 | L7: =H7/D7 -> 0.34613603 | M7: =I7/E7 -> -0.046405412 | N7: =J7/C7 -> -0.059974058
A8: ='Pivot 1'!A7 -> 6th decile | B8: ='Pivot 1'!B7 -> 1360 | C8: ='Pivot 1'!C7 -> 8893613.5 | D8: ='Pivot 1'!H7 -> 6421250 | E8: ='Pivot 1'!AE7 -> 8932328.6 | F8: ='Pivot 1'!AN7 -> 8636949.5 | G8: =D8-C8 -> -2472363.5 | H8: =E8-D8 -> 2511078.6 | I8: =F8-E8 -> -295379.02 | J8: =F8-C8 -> -256663.94 | K8: =G8/C8 -> -0.27799314 | L8: =H8/D8 -> 0.3910576 | M8: =I8/E8 -> -0.033068535 | N8: =J8/C8 -> -0.028859354
A9: ='Pivot 1'!A8 -> 7th decile | B9: ='Pivot 1'!B8 -> 1349 | C9: ='Pivot 1'!C8 -> 8263269.2 | D9: ='Pivot 1'!H8 -> 6019432.3 | E9: ='Pivot 1'!AE8 -> 9694771 | F9: ='Pivot 1'!AN8 -> 9021311.1 | G9: =D9-C9 -> -2243836.9 | H9: =E9-D9 -> 3675338.7 | I9: =F9-E9 -> -673459.96 | J9: =F9-C9 -> 758041.84 | K9: =G9/C9 -> -0.27154348 | L9: =H9/D9 -> 0.61057896 | M9: =I9/E9 -> -0.069466309 | N9: =J9/C9 -> 0.091736311
A10: ='Pivot 1'!A9 -> 8th decile | B10: ='Pivot 1'!B9 -> 1357 | C10: ='Pivot 1'!C9 -> 6949329.3 | D10: ='Pivot 1'!H9 -> 5137478.1 | E10: ='Pivot 1'!AE9 -> 7972868.8 | F10: ='Pivot 1'!AN9 -> 7738243.8 | G10: =D10-C10 -> -1811851.3 | H10: =E10-D10 -> 2835390.8 | I10: =F10-E10 -> -234625.02 | J10: =F10-C10 -> 788914.45 | K10: =G10/C10 -> -0.26072319 | L10: =H10/D10 -> 0.55190324 | M10: =I10/E10 -> -0.029427929 | N10: =J10/C10 -> 0.11352383
A11: ='Pivot 1'!A10 -> 9th decile | B11: ='Pivot 1'!B10 -> 1372 | C11: ='Pivot 1'!C10 -> 8461941 | D11: ='Pivot 1'!H10 -> 6697267.3 | E11: ='Pivot 1'!AE10 -> 11446466 | F11: ='Pivot 1'!AN10 -> 11552523 | G11: =D11-C11 -> -1764673.7 | H11: =E11-D11 -> 4749199 | I11: =F11-E11 -> 106056.37 | J11: =F11-C11 -> 3090581.6 | K11: =G11/C11 -> -0.20854243 | L11: =H11/D11 -> 0.70912489 | M11: =I11/E11 -> 0.0092654246 | N11: =J11/C11 -> 0.36523318
A12: ='Pivot 1'!A11 -> Top decile | B12: ='Pivot 1'!B11 -> 1361 | C12: ='Pivot 1'!C11 -> 3197076.6 | D12: ='Pivot 1'!H11 -> 2428101.8 | E12: ='Pivot 1'!AE11 -> 5230861 | F12: ='Pivot 1'!AN11 -> 5246910.3 | G12: =D12-C12 -> -768974.71 | H12: =E12-D12 -> 2802759.2 | I12: =F12-E12 -> 16049.26 | J12: =F12-C12 -> 2049833.7 | K12: =G12/C12 -> -0.24052433 | L12: =H12/D12 -> 1.1543005 | M12: =I12/E12 -> 0.003068187 | N12: =J12/C12 -> 0.64115878
A13: ='Pivot 1'!A12 -> Global | B13: ='Pivot 1'!B12 -> 42445 | C13: ='Pivot 1'!C12 -> 87330562 | D13: ='Pivot 1'!H12 -> 62247496 | E13: ='Pivot 1'!Q12 -> 74920290 | F13: ='Pivot 1'!AC12 -> 87744240 | G13: =D13-C13 -> -25083065 | H13: =E13-D13 -> 12672794 | I13: =F13-E13 -> 12823950 | J13: =F13-C13 -> 413678.52 | K13: =G13/C13 -> -0.28721979 | L13: =H13/D13 -> 0.2035872 | M13: =I13/E13 -> 0.17116792 | N13: =J13/C13 -> 0.0047369273
